Map: Thunderbird LE

Players

Lunatic - Winner!

  • Race: Zerg Zerg
  • League: Diamond
  • Spawn Location: 11:00

Optimization

  • Race: Zerg Zerg
  • Spawn Location: 5:00

VOD

Have the link to the VOD?

Description

Time

  • Played on: Sept. 7, 2019, 3:40 p.m.
  • Length: 7:08
Show
View Real Time Build Order
Export as new Build Order

Lunatic Zerg - Winner!

Build Orders: Hatch First 

Get SALT Encoding   

  12  0:00  Drone  
  13  0:12  Overlord  
  13  0:16  Drone  
  14  0:31  Drone x2  
  14  0:34  Drone  
  17  0:54  Hatchery  
  16  0:57  Drone  
  16  1:00  Drone  
  18  1:11  Extractor  
  18  1:16  Spawning Pool  
  16  1:19  Drone  
  16  1:22  Drone  
  18  1:28  Drone  
  19  1:44  Overlord  
  19  2:02  Queen  
  19  2:04  Zergling x4  
  19  2:05  Queen  
  19  2:06  Drone  
  26  2:12  Drone  
  27  2:17  Drone  
  28  2:23  Drone  
  28  2:28  Drone  
  30  2:32  Overlord  
  30  2:40  Lair  
  30  2:45  Drone x2  
  30  2:51  Queen  
  32  2:56  Drone  
  32  2:57  Drone  
  36  2:59  Metabolic Boost  
  36  3:03  Evolution Chamber  
  35  3:06  Drone  
  36  3:13  Roach Warren  
  36  3:16  Drone  
  36  3:17  Drone  
  36  3:19  Drone  
  38  3:22  Drone  
  38  3:23  Drone  
  38  3:26  Extractor  
  39  3:28  Extractor  
  39  3:30  Zerg Missile Weapons Level 1  
  39  3:33  Drone  
  39  3:43  Evolution Chamber  
  39  3:44  Drone x3  
  39  3:45  Drone  
  42  3:51  Drone x2  
  42  3:56  Roach  
  42  4:02  Glial Reconstitution  
  44  4:07  Overlord x2  
  44  4:22  Overlord x2  
  44  4:28  Roach x5  
  44  4:29  Roach  
  56  4:35  Roach  
  55  4:53  Drone, Roach x3  
  55  4:55  Zergling x2  
  55  4:56  Zergling x4  
  64  5:06  Roach x2  
  67  5:13  Queen  
  67  5:15  Overlord x2  
  67  5:24  Zergling x2  
  67  5:25  Overlord  
  68  5:38  Ravager  
  68  5:40  Ravager  
  69  5:53  Roach  
  69  5:54  Zergling x8, Roach x3  
  79  6:06  Ravager  
  79  6:07  Ravager  
  80  6:16  Ravager  
  78  6:21  Roach  
  78  6:22  Zergling x2, Roach  
  78  6:23  Zergling x2  
  75  6:40  Extractor  
  70  6:58  Hatchery  
Show
View Real Time Build Order
Export as new Build Order

Optimization Zerg 

Build Orders: Hatch First 

Get SALT Encoding   

  12  0:01  Drone  
  13  0:12  Overlord  
  13  0:16  Drone  
  14  0:31  Drone x2  
  14  0:34  Drone  
  17  0:53  Hatchery  
  17  0:55  Drone  
  17  0:59  Drone  
  18  1:09  Extractor  
  17  1:13  Spawning Pool  
  16  1:21  Drone  
  16  1:22  Drone  
  18  1:28  Drone  
  19  1:39  Drone  
  20  1:53  Drone  
  21  2:02  Overlord  
  21  2:04  Queen  
  21  2:05  Queen  
  21  2:07  Zergling x2  
  26  2:12  Metabolic Boost  
  26  2:15  Drone  
  27  2:16  Drone  
  27  2:22  Drone  
  29  2:28  Drone  
  30  2:34  Drone  
  31  2:38  Baneling Nest  
  30  2:47  Hatchery  
  30  2:50  Zergling x2  
  30  2:51  Zergling x2  
  30  2:55  Drone x2  
  32  2:59  Drone  
  33  3:10  Drone x2  
  35  3:17  Overlord x2  
  35  3:28  Baneling x2  
  35  3:37  Zergling x2  
  35  3:38  Zergling x10  
  41  3:52  Zergling x2  
  41  3:53  Zergling x12  
  47  3:59  Lair  
  47  4:02  Extractor  
  46  4:03  Extractor  
  46  4:04  Roach Warren, Extractor  
  46  4:06  Drone x2  
  46  4:08  Queen  
  47  4:15  Baneling x5  
  47  4:16  Drone  
  47  4:17  Drone  
  49  4:22  Drone x2  
  51  4:25  Drone  
  51  4:27  Drone  
  51  4:28  Drone  
  54  4:39  Drone  
  52  4:52  Drone x8  
  56  5:03  Overlord x4  
  54  5:09  Drone  
  54  5:10  Drone x2  
  52  5:22  Drone  
  52  5:23  Roach  
  52  5:24  Roach x4  
  52  5:25  Overlord x2  
  63  5:31  Glial Reconstitution  
  63  5:34  Roach  
  63  5:35  Roach  
  67  5:37  Roach  
  67  5:39  Zergling x4  
  71  5:43  Zergling x2  
  72  5:51  Roach  
  72  5:52  Roach x4  
  72  5:57  Roach  
  80  5:58  Roach  
  75  6:06  Roach  
  75  6:08  Roach  
  75  6:09  Roach  
  73  6:14  Roach  
  73  6:18  Roach  
  67  6:26  Roach  
  67  6:29  Roach  
  67  6:31  Roach  
  68  6:38  Roach  
  66  6:46  Roach x2  
Tags
 
Add a new tag
Caveats
  • Supply blocks, unpowered buildings, or Contaminate may cause inaccurate times.
  • Supply counts are checked every 10 seconds.